 Dungeon Crawl Stone Soup version 0.23.1 (webtiles) character file.

Game seed: 14076034891029387110

791 Borgoz the Sneak (level 7, -5/41 HPs)
             Began as a Gargoyle Enchanter on Mar 9, 2019.
             Killed by divine providence
             ... invoked by an orc priest
              (16 damage)
             ... on level 4 of the Dungeon.
             The game lasted 00:08:23 (4291 turns).

Borgoz the Sneak (Gargoyle Enchanter)               Turns: 4291, Time: 00:08:24

Health: -5/41      AC: 14    Str: 12    XL:     7   Next: 88%
Magic:  10/10      EV: 11    Int: 20    God:
Gold:   163        SH:  0    Dex: 12    Spells: 4/10 levels left

rFire    . . .     SeeInvis .   k - +3 dagger
rCold    + . .     Gourm    +   (no shield)
rNeg     + . .     Faith    .   a - +0 ring mail
rPois    ∞         Spirit   .   i - +0 helmet (curse)
rElec    +         Reflect  .   (no cloak)
rCorr    .         Harm     .   x - +0 pair of gloves
MR       .....                  h - +0 pair of boots {Fly}
Stlth    ++........             l - amulet of the gourmand
HPRegen  0.13/turn              w - ring of protection from cold
MPRegen  0.12/turn              (no ring)

@: brilliant, flying
A: negative energy resistance 1, electricity resistance, unbreathing,
petrification resistance, rot immunity, AC +4
a: Stop Flying


You were on level 4 of the Dungeon.
You were not hungry.

You visited 1 branch of the dungeon, and saw 4 of its levels.
You also visited: Sewer.

You collected 163 gold pieces.

Inventory:

Hand Weapons
 k - a +3 dagger (weapon)
Armour
 a - a +0 ring mail (worn)
 b - a +0 robe
 h - a +0 pair of boots of flying (worn)
 i - a cursed +0 helmet (worn)
 x - a +0 pair of gloves (worn)
Jewellery
 l - an amulet of the gourmand (around neck)
 w - a ring of protection from cold (left hand)
Wands
 s - a wand of polymorph (7)
Scrolls
 c - 3 scrolls of identify
 f - a scroll of enchant armour {unknown}
 g - a scroll of magic mapping
 m - 2 scrolls of remove curse {unknown}
 o - 2 scrolls of enchant weapon {unknown}
 p - a scroll of random uselessness {unknown}
 q - a scroll of immolation {unknown}
 t - 2 scrolls of fear {unknown}
Potions
 e - a potion of lignification {unknown}
 j - a potion of resistance {unknown}
 n - a potion of curing {unknown}
 r - 2 potions of flight
 u - a potion of ambrosia {unknown}
Comestibles
 d - 7 rations


   Skills:
 + Level 3.4 Fighting
 * Level 4.3 Short Blades
 + Level 3.4 Armour
 + Level 3.2 Dodging
 + Level 5.2 Stealth
 + Level 2.2 Spellcasting
 + Level 2.8 Hexes


You had 4 spell levels left.
You knew the following spells:

 Your Spells              Type           Power        Failure   Level  Hunger
a - Corona                Hex            ####...      1%          1    #......
b - Ensorcelled Hibernat  Hex/Ice        ###...       3%          2    ##.....
c - Confuse               Hex            ####....     3%          3    ###....

Your spell library contained the following spells:

 Spells                   Type           Power        Failure   Level  Hunger
 Tukima's Dance           Hex            ####....     3%          3    ###....
 Dazzling Spray           Conj/Hex       ###...       7%          3    ###....


Dungeon Overview and Level Annotations

Branches:
Dungeon (4/15)
 Temple: D:4-7

Altars:
Makhleb


Innate Abilities, Weirdness & Mutations

You are resistant to torment.
Your stone body is resilient. (AC +4)
You are immune to poison.
You resist negative energy. (rN+)
You are resistant to electric shocks. (rElec)
You can survive without breathing.
You are immune to petrification.
You are immune to rotting.


Message History

The orc priest invokes the aid of Beogh against you.
Pain shoots through your body!
An orc wizard comes into view. It is wielding a +0 dagger.
You barely miss the orc priest.
The orc priest is severely wounded.
The orc priest hits you but does no damage.
You barely miss the orc priest.
The orc priest is severely wounded.
The orc priest barely misses you.
You hit the orc priest.
The orc priest is severely wounded.
The orc priest calls down the wrath of Beogh upon you.
Beogh smites you!
* * * LOW HITPOINT WARNING * * *
You are too injured to fight recklessly!
It was a potion of brilliance.
You feel clever all of a sudden.
The orc priest calls down the wrath of Beogh upon you.
Beogh smites you!
You die...

#...........#.. ....
#.###......#### .
...####.# #.......# ..
#...... .###.##...##
...#.....##......##...#
..........##.##.....###
...........#.##..###.##
...o..o..#...#...###..#
.$....o@.#†##.....#...#
.........††.†.....#..##
#...........<...#....#
#......#...#######.###
#...........# #.#
#......=....# ###
.....##.#..$# .##..
#.##### #.


You could see 2 orc priests and an orc wizard.

Vanquished Creatures
  Sigmund (D:2)
  An ice beast (D:3)
  3 big kobolds (Sewer)
  A hound (D:1)
  Natasha (thrice) (D:2)
  A howler monkey skeleton (D:4)
  6 adders
  2 river rats (Sewer)
  5 oozes
  10 worms
  4 leopard geckos
  3 bats
  6 giant cockroaches
  8 goblins
  9 hobgoblins
  7 jackals
  10 ball pythons
  4 frilled lizards
  16 kobolds
  15 rats
115 creatures vanquished.

Notes
Turn   | Place    | Note
-------+----------+-------------------------------------------
     0 | D:1      | Borgoz the Gargoyle Enchanter began the quest for the Orb.
     0 | D:1      | Reached XP level 1. HP: 10/10 MP: 3/3
   405 | D:1      | Reached skill level 1 in Short Blades
   431 | D:1      | Reached XP level 2. HP: 14/15 MP: 5/5
   697 | D:1      | Learned a level 2 spell: Ensorcelled Hibernation
  1160 | D:2      | Noticed Sigmund
  1163 | D:2      | Reached skill level 1 in Fighting
  1163 | D:2      | Reached XP level 3. HP: 17/20 MP: 6/6
  1188 | D:1      | Reached skill level 1 in Armour
  1188 | D:1      | Reached XP level 4. HP: 20/25 MP: 7/7
  1450 | D:2      | Reached skill level 4 in Stealth
  1515 | D:2      | Noticed Natasha
  1535 | D:2      | Killed Natasha
  1535 | D:2      | Reached XP level 5. HP: 10/30 MP: 8/8
  1737 | D:2      | You are sucked into a shaft!
  1789 | D:3      | Found a glowing drain.
  1847 | Sewer    | Entered a sewer
  1863 | Sewer    | Noticed a big kobold
  1883 | Sewer    | Killed a big kobold
  2003 | Sewer    | Reached XP level 6. HP: 35/35 MP: 9/9
  2535 | D:3      | Noticed an ice beast
  2898 | D:2      | Noticed Natasha
  2929 | D:2      | Killed Natasha
  2929 | D:2      | Reached XP level 7. HP: 12/40 MP: 10/10
  2941 | D:2      | Noticed Natasha
  2957 | D:2      | Killed Natasha
  3241 | D:2      | Killed Sigmund
  3241 | D:2      | Reached skill level 5 in Stealth
  3326 | D:2      | Found a burning altar of Makhleb.
  3565 | D:2      | Learned a level 3 spell: Confuse
  4291 | D:4      | Killed from afar by an orc priest

Skill      XL: |  1  2  3  4  5  6  7 |
---------------+----------------------+-----
Short Blades   | 1 2 3 4 |  4.3
Fighting       | 1 2 3 |  3.4
Armour         | 1 2 3 |  3.4
Dodging        | 2 3 |  3.2
Stealth        | 4 5 |  5.2
Spellcasting   | |  2.2
Hexes          | |  2.8

Action                   |  1- 3 |  4- 6 |  7- 9 || total
-------------------------+-------+-------+-------++-------
Melee: Dagger            |    71 |   351 |   163 ||   585
 Cast: Confuse           |       |       |     2 ||     2
  Use: Scroll            |     2 |     3 |     4 ||     9
       Potion            |       |       |     5 ||     5
 Stab: Sleeping          |     4 |     5 |     2 ||    11
       Confused          |       |       |     2 ||     2
  Eat: Chunk             |       |     5 |     7 ||    12
Armor: Robe              |     5 |       |       ||     5
       Ring mail         |    23 |   117 |    60 ||   200
Dodge: Dodged            |    38 |   141 |    66 ||   245
